 Dungeon Crawl Stone Soup version 0.30-b1-2-g02819fbbbe (webtiles) character file.

Game seed: 4460679213641045843

2755 redmage the Destroyer (level 10, -4/69 HPs)
             Began as a Meteoran Earth Elementalist on Aug 3, 2023.
             Was an Initiate of Sif Muna.
             Killed from afar by a steam dragon (10 damage)
             ... with a ball of steam
             ... on level 8 of the Dungeon.
             The game lasted 00:29:40 (1811 turns).

redmage the Destroyer (Meteoran Earth Elementalist) Turns: 1811, Time: 00:29:41

Health: -4/69      AC:  7    Str:  9    XL:     10   Next: 20%
Magic:  0/18       EV: 17    Int: 21    God:    Sif Muna [......]
Gold:   146        SH:  0    Dex: 16    Spells: 12/18 levels left

rFire   . . .        m - +2 hand axe (venom)
rCold   . . .        (no shield)
rNeg    . . .        i - +3 leather armour
rPois   .            (no helmet)
rElec   .            (no cloak)
rCorr   .            (no gloves)
SInv    +            a - +0 pair of boots
Will    +....        (no amulet)
Stlth   +            l - ring of see invisible
HPRegen 0.31/turn    x - +5 ring of evasion
MPRegen 0.16/turn

%: no passive effects
@: glowing
A: sense surroundings 2, otherworldly, glowing, explore regen
a: Renounce Religion


You were on level 8 of the Dungeon.
You worshipped Sif Muna.
Sif Muna was noncommittal.
You visited 2 branches of the dungeon, and saw 9 of its levels.
You also visited: Sewer.

You collected 146 gold pieces.

Inventory:

Hand Weapons
 m - a +2 hand axe of venom (weapon)
 v - a +2 long sword of holy wrath
Missiles
 c - 5 poisoned darts (quivered)
 e - 7 boomerangs
Armour
 a - a +0 pair of boots (worn)
 i - a +3 leather armour (worn)
Jewellery
 l - a ring of see invisible (left hand)
 u - a ring of willpower
 x - a +5 ring of evasion (right hand)
Wands
 y - a wand of digging (4)
 C - a wand of polymorph (6)
Scrolls
 n - 2 scrolls of fear
 o - a scroll of magic mapping
 p - 2 scrolls of poison
 t - a scroll of vulnerability
Potions
 b - 2 potions of magic
 d - 2 potions of might
 f - a potion of flight {unknown}
 g - 2 potions of heal wounds {unknown}
 h - 2 potions of degeneration {unknown}
 k - 2 potions of resistance {unknown}
 w - a potion of brilliance {unknown}
 z - a potion of attraction {unknown}
 A - a potion of haste {unknown}
 D - a potion of mutation {unknown}


   Skills:
 - Level 2.4 Dodging
 - Level 1.4 Stealth
 * Level 4.7 Spellcasting
 - Level 11.1 Conjurations
 - Level 2.4 Transmutations
 + Level 9.7 Earth Magic
 * Level 3.6 Invocations


You had 12 spell levels left.
You knew the following spells:

 Your Spells              Type           Power      Damage    Failure   Level
a - Sandblast             Erth           90%        2d19      1%          1
b - Passwall              Tmut/Erth      25%        N/A       1%          2
c - Stone Arrow           Conj/Erth      96%        3d13      1%          3

Your spell library contained the following spells:

 Spells                   Type           Power      Damage    Failure   Level
 Iskenderun's Battlesphe  Conj           51%        2d10      4%          5
 Petrify                  Tmut/Erth      30%        N/A       13%         4
 Ensorcelled Hibernation  Hex/Ice        8%         N/A       24%         2
 Iron Shot                Conj/Erth      24%        9d5       32%         6
 Swiftness                Air            4%         N/A       43%         3
 Spellforged Servitor     Conj/Summ      14%        N/A       100%        7


Dungeon Overview and Level Annotations

Branches:
Dungeon (8/15) Zot: 3080   Temple (1/1) D:5 Zot: 550   Sewer (visited)
   Lair: D:8-11

Altars:
Ashenzari
Dithmenos
Elyvilon
Fedhas
Gozag
Hepliaklqana
Kikubaaqudgha
Makhleb
Nemelex Xobeh
Okawaru
Qazlal
Ru
Sif Muna
Trog
Vehumet
Wu Jian
Xom
Yredelemnul
Zin
The Shining One

Annotations:
D:2 exclusion: upstairs
D:3 exclusion: upstairs
D:4 exclusion: upstairs
D:6 exclusion: upstairs


Innate Abilities, Weirdness & Mutations

You passively map the area around you.
You are easily found by Zot.
You glow in the dark.
You regain HP and MP as you explore.


Message History

Aiming: Stone Arrow (safe; 1% risk of failure)
Press: ? - help, Shift-Dir - straight line, f/p - steam dragon
Aim: a steam dragon (catching its breath, 76% to hit)
The stone arrow misses the steam dragon.
The steam dragon bites you but does no damage.
The steam dragon claws you.
* * * LOW HITPOINT WARNING * * *
Unknown command.
Casting: Stone Arrow (safe; 1% risk of failure)
Confirm with . or Enter, or press ? or * to list all spells.
Aiming: Stone Arrow (safe; 1% risk of failure)
Press: ? - help, Shift-Dir - straight line, f/p - steam dragon
Aim: a steam dragon (76% to hit)
The stone arrow hits the steam dragon!
The steam dragon is heavily wounded.
The steam dragon breathes steam at you. The ball of steam hits you!
* * * LOW HITPOINT WARNING * * *
Unknown command.
The steam dragon attacks as you move away!
The steam dragon completely misses you. The steam dragon misses you.
Casting: Stone Arrow (safe; 1% risk of failure)
Confirm with . or Enter, or press ? or * to list all spells.
Aiming: Stone Arrow (safe; 1% risk of failure)
Press: ? - help, Shift-Dir - straight line, f/p - steam dragon
Aim: a steam dragon (heavily wounded, 76% to hit)
The stone arrow hits the steam dragon!
The steam dragon is severely wounded.
The steam dragon breathes steam at you. The ball of steam hits you!
* * * LOW HITPOINT WARNING * * *
You feel better. The steam dragon bites you!
* * * LOW HITPOINT WARNING * * *
The steam dragon claws you but does no damage.
You feel better.
You are engulfed in a cloud of scalding steam.
* * * LOW HITPOINT WARNING * * *
The steam dragon breathes steam at you. The ball of steam hits you!
You die...

#.#, # * ** #.# ,
,, , * #.#.# ** ,
,, #.#.# *** *
#.#.# ,* #.#.#
####.#.### *
#.)..#..:# *
###.##†#.#@#
##........D.## **
* ##...#....§...#
, ,
##...§~~~~~~#...#
,
#....§§≈≈≈≈≈§#..#
,
#...~~§.#..§≈~..#
, *
#.#~≈≈.$$#$.≈~..#
*
#..~≈..###..≈~..#
, * .. **
#..~≈$$# !.≈≈~..#
* * .


You could see a steam dragon (catching breath).

Vanquished Creatures
  Grinder (D:5)
  Sigmund (D:5)
  A wyvern (D:7)
  A steam dragon (D:8)
  2 water moccasins
  3 ice beasts
  2 orc warriors
  4 sky beasts (D:8)
  2 ogres
  2 phantoms (D:6)
  2 bullfrogs (D:7)
  A scorpion (D:4)
  3 howler monkeys (D:7)
  A crimson imp (D:5)
  3 jellies
  2 hounds
  4 iguanas
  Ijyb (D:5)
  3 orc wizards
  4 adders
  A white imp (D:7)
  An ufetubus (D:6)
  A dart slug (D:5)
  14 orcs
  2 bats
  2 endoplasms
  3 giant cockroaches
  4 hobgoblins
  4 jackals
  3 quokkas
  A ball python (D:1)
  2 frilled lizards
  3 goblins
  2 rats (D:3)
86 creatures vanquished.

Notes
Turn   | Place    | Note
-------+----------+-------------------------------------------
     0 | D:1      | redmage the Meteoran Earth Elementalist began the quest for
                  | the Orb.
     0 | D:1      | Reached XP level 1. HP: 14/14 MP: 5/5
    74 | D:2      | Reached XP level 2. HP: 20/20 MP: 4/6
   160 | D:3      | Learned a level 2 spell: Passwall
   189 | D:3      | Reached XP level 3. HP: 18/26 MP: 0/8
   209 | D:2      | Found a broken altar of Ashenzari.
   303 | D:4      | Reached XP level 4. HP: 31/33 MP: 3/9
   307 | D:4      | Learned a level 3 spell: Stone Arrow
   334 | D:4      | Found a basalt altar of Yredelemnul.
   334 | D:4      | Noticed a scorpion
   338 | D:4      | Killed a scorpion
   339 | D:4      | Reached skill level 2 in Conjurations
   339 | D:4      | Reached skill level 5 in Earth Magic
   339 | D:4      | Reached XP level 5. HP: 29/38 MP: 3/10
   380 | D:4      | Reached skill level 3 in Conjurations
   386 | D:3      | Found a glowing drain.
   424 | D:3      | Reached XP level 6. HP: 44/45 MP: 7/11
   443 | Sewer    | Entered a sewer
   495 | Sewer    | Noticed a water moccasin
   500 | Sewer    | Killed a water moccasin
   501 | Sewer    | Reached skill level 4 in Conjurations
   608 | D:5      | Entered Level 5 of the Dungeon
   615 | D:5      | Noticed an orc warrior
   626 | D:5      | Killed an orc warrior
   627 | D:5      | Reached skill level 5 in Conjurations
   627 | D:5      | Reached XP level 7. HP: 50/50 MP: 1/12
   660 | D:6      | Reached skill level 6 in Conjurations
   742 | D:6      | Found a glowing silver altar of Zin.
   794 | D:6      | Found a radiant altar of Vehumet.
   811 | D:7      | Noticed a wyvern
   849 | D:6      | Found a sacrificial altar of Ru.
   870 | D:6      | Reached XP level 8. HP: 57/57 MP: 3/13
   927 | D:6      | Reached skill level 7 in Conjurations
   955 | D:6      | Noticed a water elemental
   959 | D:6      | Found a stormy altar of Qazlal.
   960 | D:6      | Noticed a fire elemental
   960 | D:6      | Noticed an air elemental
  1024 | D:6      | Found an ancient bone altar of Kikubaaqudgha.
  1025 | D:6      | Found a hazy altar of Hepliaklqana.
  1026 | D:6      | Found a broken altar of Ashenzari.
  1089 | D:7      | Reached skill level 8 in Conjurations
  1167 | D:7      | Killed a wyvern
  1168 | D:7      | Reached skill level 9 in Conjurations
  1168 | D:7      | Gained mutation: You passively map the area around you.
                  | [Meteoran growth]
  1168 | D:7      | Reached XP level 9. HP: 37/62 MP: 10/14
  1426 | D:7      | Reached skill level 10 in Conjurations
  1488 | D:5      | Noticed Ijyb
  1490 | D:5      | Killed Ijyb
  1501 | D:5      | Noticed Sigmund
  1505 | D:5      | Killed Sigmund
  1542 | D:5      | Noticed Grinder
  1554 | D:5      | Killed Grinder
  1555 | D:5      | Reached skill level 11 in Conjurations
  1603 | D:5      | Found a staircase to the Ecumenical Temple.
  1613 | Temple   | Entered the Ecumenical Temple
  1651 | Temple   | Became a worshipper of Sif Muna the Loreminder
  1692 | D:5      | Reached skill level 1 in Invocations
  1696 | D:5      | Found a shimmering altar of Xom.
  1696 | D:5      | Found a burning altar of Makhleb.
  1760 | D:8      | Reached XP level 10. HP: 69/69 MP: 7/16
  1811 | D:8      | Killed from afar by a steam dragon

Illustrated notes

Levels and vault maps discovered:
D:1:      dpeg_arrival_oval, layout_basic, minmay_misc_feat_square
D:2:      layout_basic, basic_altar
D:3:      layout_basic, gup_sewer_entry_glass, minmay_misc_feat_x,
          hangedman_decor_points
D:4:      layout_layer_cave, lemuel_coloured_pillars_altar
D:5:      layout_basic, grunt_temple_overflow_champion_of_chaos,
          minmay_temple_entry_gardened_gates, uniq_ijyb, uniq_grinder,
          uniq_sigmund
D:6:      layout_basic, hangedman_ru_absence, nicolae_qazlal_style_of_elements,
          lemuel_tele_altar, minitemple, minmay_misc_feat_ornament,
          chequers_serial_rivers_micro_e, nrook_loot_triangle,
          minmay_diced_spiral
D:7:      layout_loops_ring, chequers_serial_rivers_small_3
D:8:      layout_loops_ring, minmay_misc_feat_encased, hangedman_misty_isle
Temple:   hellmonk_temple_flake

Skill      XL: |  1  2  3  4  5  6  7  8  9 10 |
---------------+-------------------------------+-----
Earth Magic    | 4 5 6 8 9 |  9.7
Spellcasting   | 3 4 |  4.7
Transmutations | 2 |  2.4
Conjurations   | 2 3 5 6 9 11 | 11.1
Invocations    | 2 3 |  3.6
Dodging        | |  2.4
Stealth        | |  1.4

Action                     |  1- 3 |  4- 6 |  7- 9 | 10-12 || total
---------------------------+-------+-------+-------+-------++-------
  Melee: Hand axe          |       |       |     6 |    11 ||    17
  Throw: Dart              |       |       |     1 |       ||     1
   Cast: Sandblast         |    31 |    26 |    47 |     5 ||   109
         Stone Arrow       |       |     8 |    35 |     8 ||    51
         Passwall          |       |     3 |    16 |       ||    19
    Use: Scroll            |       |     2 |     8 |       ||    10
         Potion            |       |       |     1 |     3 ||     4
 Armour: Robe              |     4 |     2 |       |       ||     6
         Leather armour    |       |     7 |    10 |     8 ||    25
  Dodge: Dodged            |     9 |     7 |    29 |    15 ||    60
